 Dungeon Crawl Stone Soup version 0.31.0-11-ge490571c62 (webtiles) character file.

Game seed: 6680524210877207006

20 ces the Sneak (level 2, -3/14 HPs)
             Began as a Spriggan Hunter on Jan 30, 2024.
             Slain by a gnoll
             ... wielding a +0 spear
             ... led by a gnoll bouda
              (7 damage)
             ... on level 4 of the Dungeon.
             The game lasted 00:01:27 (888 turns).

ces the Sneak (Spriggan Hunter)                      Turns: 888, Time: 00:01:28

Health: -3/14      AC:  2    Str:  7    XL:     2   Next: 58%
Magic:  3/3        EV: 17    Int: 10    God:
Gold:   35         SH:  0    Dex: 18    Spells: 1/1 levels left

rFire   . . .        a - +0 shortbow
rCold   . . .        (shield currently unavailable)
rNeg    . . .        c - +0 robe
rPois   .            (helmet restricted)
rElec   .            (no cloak)
rCorr   .            (gloves unavailable)
SInv    +            (boots unavailable)
Will    .....        (no amulet)
Stlth   +++          (no ring)
HPRegen 0.22/turn    (no ring)
MPRegen 0.08/turn

%: no passive effects
@: very quick
A: very small, no large weapons, unfitting armour, see invisible, speed 3
a: no special abilities


You were on level 4 of the Dungeon.
You visited 1 branch of the dungeon, and saw 3 of its levels.

You collected 35 gold pieces.

Inventory:

Hand Weapons
 a - a +0 shortbow (weapon)
 b - a +0 dagger
 j - a +1 dagger of venom
Armour
 c - a +0 robe (worn)
Scrolls
 f - a scroll of immolation
 g - a scroll of butterflies
 k - a scroll of fog {unknown}
 l - a scroll of blinking {unknown}
Potions
 d - a potion of curing {unknown}
 e - a potion of heal wounds {unknown}
 h - 2 potions of mutation {unknown}
 i - a potion of degeneration {unknown}


   Skills:
 - Level 1.5 Fighting
 - Level 4.0 Ranged Weapons
 - Level 2.6 Dodging
 * Level 4.3 Stealth


You had one spell level left.
You didn't know any spells.
Your spell library was empty.

Dungeon Overview and Level Annotations

Branches:
Dungeon (2/15)

Altars:


Innate Abilities, Weirdness & Mutations

You are very small and have problems with some larger weapons.
You are too small for most types of armour.
You have supernaturally acute eyesight. (SInv)
You cover ground extremely quickly. (Speed+++)


Message History

An endoplasm comes into view.
Found 2 poisoned darts.
The endoplasm quivers.
You shoot an arrow.
The arrow closely misses the ball python.
The ball python barely misses you. The ball python closely misses you.
You shoot an arrow. The arrow hits the giant cockroach.
The giant cockroach is severely wounded.
The ball python barely misses you. The ball python grabs you.
The ball python constricts you.
You escape the ball python's grasp.
You shoot an arrow.
The arrow barely misses the giant cockroach.
The arrow hits the ball python.
You kill the ball python!
The giant cockroach misses you.
You shoot an arrow.
The arrow hits the giant cockroach but does no damage.
The giant cockroach is severely wounded.
The giant cockroach closely misses you.
The ball python bites you but does no damage.
The ball python barely misses you. The giant cockroach misses you.
You shoot an arrow. The arrow hits the giant cockroach.
You kill the giant cockroach!
The ball python barely misses you. The ball python grabs you.
The ball python constricts you.
The endoplasm jiggles.
The ball python bites you but does no damage.
The ball python constricts you. The endoplasm closely misses you.
You shoot an arrow.
The arrow barely misses the ball python.
The ball python barely misses you. The ball python constricts you.
The endoplasm freezes you.
You are frozen.
* * * LOW HITPOINT WARNING * * *
You are too injured to fight recklessly!
You escape the ball python's grasp.
The gnoll hits you from afar with a +0 spear!
Ouch! That really hurt!
You die...

#.........+..#
.######.........#..#
..........S.....#..#
................#..#
##..##..########..#
##..##..###...#
...........g.S.#
............†J.#
.....(.......@.#
###########...##
#####


You could see a gnoll, an endoplasm and a ball python.

Vanquished Creatures
  A bat (D:1)
  2 endoplasms (D:1)
  2 giant cockroaches
  4 goblins
  2 hobgoblins (D:1)
  A kobold (D:1)
  A quokka (D:1)
  2 ball pythons
  A rat (D:1)
16 creatures vanquished.

Notes
Turn   | Place    | Note
-------+----------+-------------------------------------------
     0 | D:1      | ces the Spriggan Hunter began the quest for the Orb.
     0 | D:1      | Reached XP level 1. HP: 10/10 MP: 2/2
   141 | D:1      | Found a faded altar of an unknown god.
   196 | D:1      | Reached XP level 2. HP: 14/14 MP: 3/3
   783 | D:2      | You fall into a shaft and drop 2 floors!
   888 | D:4      | Slain by a gnoll

Illustrated notes

Levels and vault maps discovered:
D:1:      roderic_chinese_lattice_arrival, layout_basic,
          hellmonk_ecumenical_altar_blasted
D:2:      layout_rooms, minivault_24, minmay_misc_feat_rugged
D:4:      layout_gridville, kennysheep_orc_sif_temple,
          pdpol_wu_jian_five_deadly_venoms, uniq_robin

Skill      XL: |  1  2 |
---------------+-------+-----
Stealth        | 3 4 |  4.3
Fighting       | |  1.5
Ranged Weapons | |  4.0
Dodging        | |  2.6

Action                     || total
---------------------------++-------
  Melee: Dagger            ||     1
   Fire: Shortbow          ||    51
 Armour: Robe              ||    14
  Dodge: Dodged            ||    33
